 Dungeon Crawl Stone Soup version 0.28.0-47-ge53b351184 (webtiles) character file.

Game seed: 10309185781688782091

35 Icepheonix32 the Chiller (level 3, -1/24 HPs)
             Began as a Demonspawn Ice Elementalist on Apr 29, 2022.
             Succumbed to an adder's poison
             ... on level 2 of the Dungeon.
             The game lasted 00:01:44 (1513 turns).

Icepheonix32 the Chiller (DsIE)                     Turns: 1513, Time: 00:01:45

Health: -1/24      AC:  4    Str: 10    XL:     3   Next: 17%
Magic:  1/6        EV: 12    Int: 16    God:
Gold:   64         SH:  0    Dex: 13    Spells: 5/6 levels left

rFire   + . .      SeeInvis .   c - +0 dagger
rCold   + . .      Faith    .   (no shield)
rNeg    . . .      Spirit   .   a - +0 robe
rPois   +          Reflect  .   (no helmet)
rElec   +          Harm     .   g - scarf {shadows}
rCorr   +          Rampage  .   (no gloves)
Will    .....                   (no boots)
Stlth   ++........              (no amulet)
HPRegen 0.08/turn               (no ring)
MPRegen 0.10/turn               (no ring)

@: lethally poisoned (-1 -> -10), resistant, very slightly contaminated
A: slimy green scales 1, weakness stinger 1
a: no special abilities


You were on level 2 of the Dungeon.
You visited 1 branch of the dungeon, and saw 2 of its levels.

You collected 64 gold pieces.

Inventory:

Hand Weapons
 c - a +0 dagger (weapon)
Missiles
 b - 2 boomerangs
Armour
 a - a +0 robe (worn)
 g - a scarf of shadows (worn)
Scrolls
 e - a scroll of holy word {unknown}
 f - a scroll of identify {unknown}
 h - a scroll of teleportation {unknown}


   Skills:
 - Level 1.7 Dodging
 - Level 1.7 Stealth
 - Level 2.0 Spellcasting
 + Level 4.6 Ice Magic


You had 5 spell levels left.
You knew the following spells:

 Your Spells              Type           Power      Damage    Failure   Level
a - Freeze                Ice            64%        1d8       3%          1

Your spell library contained the following spells:

 Spells                   Type           Power      Damage    Failure   Level
 Frozen Ramparts          Ice            32%        1d5       10%         3
 Ozocubu's Armour         Ice            16%        N/A       10%         3
 Summon Small Mammal      Summ           4%         N/A       21%         1
 Call Canine Familiar     Summ           1%         N/A       52%         3
 Gell's Gravitas          Tloc           1%         N/A       52%         3
 Lesser Beckoning         Tloc           1%         N/A       52%         3
 Summon Guardian Golem    Hex/Summ       1%         N/A       52%         3
 Teleport Other           Tloc           1%         N/A       52%         3
 Hailstorm                Conj/Ice       9%         3d4       63%         4
 Starburst                Conj/Fire      0%         6d3       100%        6
 Summon Cactus Giant      Summ           0%         N/A       100%        6
 Malign Gateway           Summ/Tloc      0%         N/A       100%        7


Dungeon Overview and Level Annotations

Branches:
Dungeon (2/15)

Altars:


Innate Abilities, Weirdness & Mutations

You are partially covered in slimy green scales. (AC +2)
You have a small tail.


Message History

You are poisoned.
The adder poisons you! The adder closely misses you.
You freeze the adder.
The adder is moderately wounded.
You feel sick. The adder bites you.
You are more poisoned.
The adder poisons you!
You miscast Freeze.
You are very lightly contaminated with residual magic.
Nothing appears to happen.
You feel sick. The adder bites you.
You are too injured to fight recklessly!
Unknown command.
Casting: Freeze (safe; 3% risk of failure)
Confirm with . or Enter, or press ? or * to list all spells.
Aiming: Freeze (safe; 3% risk of failure)
Press: ? - help, Shift-Dir - straight line, f/p - adder
Aim: an adder (moderately wounded)
You freeze the adder.
The adder is heavily wounded.
The adder seems to slow down.
You feel sick. The adder bites you.
* * * LOW HITPOINT WARNING * * *
You are more poisoned.
The adder poisons you!
Casting: Freeze (safe; 3% risk of failure)
Confirm with . or Enter, or press ? or * to list all spells.
Aiming: Freeze (safe; 3% risk of failure)
Press: ? - help, Shift-Dir - straight line, f/p - adder
Aim: an adder (heavily wounded, slow)
You freeze the adder.
You kill the adder!
* * * LOW HITPOINT WARNING * * *
You feel very sick.
You have reached level 3!
Your experience leads to an increase in your attributes!
Increase (S)trength, (I)ntelligence, or (D)exterity?
You feel stronger. x2; Your demonic ancestry asserts itself...
Slimy green scales grow over part of your body.
It was a potion of resistance.
You feel protected.
You die...

.....#.#
#........#
#.#.......
#.#....#..
#.#.......
######.#†...#
.......#@.# #
####.#..#...
#.##............
#..<....########
#.##.#..# #
.........
.###..#... #
#..#....
...#....


There were no monsters in sight!

Vanquished Creatures
  An adder (D:2)
  A dart slug (D:1)
  2 ball pythons (D:1)
  2 endoplasms (D:1)
  5 goblins (D:1)
  A hobgoblin (D:1)
  4 kobolds (D:1)
  2 quokkas (D:1)
  2 bats (D:1)
  2 rats (D:1)
22 creatures vanquished.

Notes
Turn   | Place    | Note
-------+----------+-------------------------------------------
     0 | D:1      | Icepheonix32 the Demonspawn Ice Elementalist began the
                  | quest for the Orb.
     0 | D:1      | Reached XP level 1. HP: 13/13 MP: 3/3
   326 | D:1      | Reached skill level 4 in Ice Magic
   436 | D:1      | Gained mutation: You have a small tail. [demonic ancestry]
   436 | D:1      | Reached XP level 2. HP: 19/19 MP: 0/5
  1203 | D:1      | Got Sujor's Papyrus of the Supportive Volcanoes
  1513 | D:2      | Gained mutation: You are partially covered in slimy green
                  | scales. (AC +2) [demonic ancestry]
  1513 | D:2      | Reached XP level 3. HP: 1/24 MP: 1/6
  1513 | D:2      | Succumbed to an adder's poison

Illustrated notes

Levels and vault maps discovered:
D:1:      matt_arrival_los_fun, layout_basic, st_stairs_7, nrook_mini_backslash,
          hangedman_decor_push, minmay_pentomino_u2
D:2:      layout_loops_cross, kennysheep_path_1

Skill      XL: |  1 |
---------------+----+-----
Ice Magic      | 4 |  4.6
Dodging        | |  1.7
Stealth        | |  1.7
Spellcasting   | |  2.0

Action                   || total
-------------------------++-------
Melee: Unarmed           ||     9
       Dagger            ||    38
       Tailslap          ||     4
Throw: Boomerang         ||     1
 Cast: Freeze            ||    22
  Use: Potion            ||     1
 Stab: Sleeping          ||     1
Armor: Robe              ||    20
Dodge: Dodged            ||    44
